 Dungeon Crawl Stone Soup version 0.26.1-11-gd32895ea62 (webtiles) character file.

Game seed: 8948695954228570654

709 Almogavar the Covert (level 7, -2/46 HPs)
             Began as an Octopode Brigand on May 26, 2021.
             Slain by Pikel
             ... wielding a +0 whip of flaming
              (5 damage)
             ... on level 4 of the Dungeon on May 27, 2021.
             The game lasted 00:18:16 (5635 turns).

Almogavar the Covert (Octopode Brigand)             Turns: 5635, Time: 00:18:17

Health: -2/46      AC:  3    Str: 10    XL:     7   Next: 68%
Magic:  16/16      EV: 14    Int: 13    God:
Gold:   137        SH:  0    Dex: 16    Spells: 6/6 levels left

rFire    . . .     SeeInvis .   y - +2 dagger (flame)
rCold    . . .     Faith    .   (no shield)
rNeg     . . .     Spirit   .   m - +2 hat
rPois    .         Reflect  .   (no amulet)
rElec    .         Harm     .   z - ring of magical power
rCorr    .         Rampage  .   (no ring)
Will     .....                  (no ring)
Stlth    +++++.....             (no ring)
HPRegen  0.15/turn              (no ring)
MPRegen  0.15/turn              (no ring)
                                (no ring)
                                (no ring)

@: no status effects
A: almost no armour, stealthy swim, amphibious, 8 rings, constrict 8, camouflage
1, gelatinous body 1
a: no special abilities


You were on level 4 of the Dungeon.
You visited 1 branch of the dungeon, and saw 4 of its levels.

You collected 137 gold pieces.

Inventory:

Hand Weapons
 w - a +2 dagger of venom
 y - a +2 dagger of flaming (weapon)
 A - a +0 dagger of venom
 F - a +0 hunting sling
Missiles
 b - 21 poisoned darts (quivered)
 c - 2 curare-tipped darts
 g - 71 bolts
 n - 224 stones
 p - 5 javelins
Armour
 m - a +2 hat (worn)
 E - a +0 buckler
Jewellery
 z - a ring of magical power (left tentacle)
Wands
 t - a wand of random effects (25)
 x - a wand of polymorph (12)
Scrolls
 a - a scroll of remove curse
 e - 2 scrolls of teleportation
 f - a scroll of enchant weapon
 i - a scroll of amnesia {unknown}
 j - a scroll of fear {unknown}
 l - a scroll of fog {unknown}
 q - a scroll of enchant armour {unknown}
 D - a scroll of blinking {unknown}
Potions
 h - a potion of might {unknown}
 k - 2 potions of brilliance {unknown}
 o - 3 potions of resistance {unknown}
 r - a potion of curing {unknown}
 s - 2 potions of lignification {unknown}
 u - a potion of mutation {unknown}
 v - 2 potions of haste {unknown}
 B - a potion of berserk rage {unknown}
 C - a potion of ambrosia {unknown}


   Skills:
 + Level 3.4 Fighting
 + Level 4.9 Short Blades
 + Level 2.8 Throwing
 + Level 2.7 Dodging
 + Level 8.9 Stealth


You had 6 spell levels left.
You didn't know any spells.
Your spell library was empty.

Dungeon Overview and Level Annotations

Branches:
Dungeon (4/15)
 Temple: D:4-7

Altars:
Ashenzari
Cheibriados
Elyvilon
Fedhas
Qazlal
Sif Muna
Vehumet
Xom
The Shining One

Shops:
D:4 (

Annotations:
D:4 Pikel


Innate Abilities, Weirdness & Mutations

You cannot wear most types of armour.
You are very stealthy in the water. (Stealth+)
You are amphibious.
You can wear up to eight rings at the same time.
You can use your tentacles to constrict eight enemies at once.
Your skin changes colour to match your surroundings (Stealth+).
Your rubbery body absorbs attacks. (AC +1, EV +1)


Message History

Pikel burns you.
* * * LOW HITPOINT WARNING * * *
You hit Pikel but do no damage. You grab Pikel.
Pikel is heavily wounded.
You constrict Pikel. Pikel barely misses you.
You hit Pikel. You burn Pikel. You squeeze Pikel!
Pikel is severely wounded.
You constrict Pikel. You hit Pikel. You burn Pikel.
Pikel is almost dead.
You constrict Pikel, but do no damage.
Pikel hits you with a +0 whip of flaming!
* * * LOW HITPOINT WARNING * * *
Pikel burns you.
* * * LOW HITPOINT WARNING * * *
You completely miss Pikel.
Pikel is almost dead.
You constrict Pikel.
Pikel hits you with a +0 whip of flaming.
You die...

#....###......#)#..##.......###
#..#.##..#....#.#..#...######
##..#.##..####.#.#.....##...#
..........# #.#.>..#####...#
........#.# ##.##.....##....#
........#.###...............#
..................###..###.##
........#.####)...####..##..#
........#.####).@..# ##..##.#####
..##.#.##.##..).K#.#####.....##..
.##..#.##........#...............
.#..##.##.##.....#####...........
.#..##..#.##.....# #...........
.)..###.#.##.....# #...........
##.## #...######(#####...........
#.# ##<###.......K.#.5.((......
##.####..# #........>5....(......


You could see Pikel.

Vanquished Creatures
  An ogre (D:4)
  4 lemures (D:4)
  A bullfrog (D:4)
  A scorpion (D:4)
  A hound (D:4)
  A centaur zombie (D:2)
  2 orc wizards (D:4)
  Crazy Yiuf (D:2)
  Jessica (D:2)
  Natasha (thrice) (D:2)
  Terence (D:2)
  A worker ant (D:4)
  5 gnolls
  4 adders
  3 oozes
  An adder skeleton (D:2)
  4 dart slugs
  4 leopard geckos
  12 orcs
  A ball python (D:1)
  6 giant cockroaches
  7 goblins
  13 hobgoblins
  6 jackals
  10 kobolds
  2 quokkas
  8 bats
  5 frilled lizards
  6 rats
115 creatures vanquished.

Vanquished Creatures (others)
  2 bushes (D:2)
  16 plants (D:2)
18 creatures vanquished.

Grand Total: 133 creatures vanquished

Notes
Turn   | Place    | Note
-------+----------+-------------------------------------------
     0 | D:1      | Almogavar the Octopode Brigand began the quest for the Orb.
     0 | D:1      | Reached XP level 1. HP: 14/14 MP: 1/1
    30 | D:1      | Reached XP level 2. HP: 17/19 MP: 2/2
    62 | D:1      | Reached skill level 6 in Stealth
   487 | D:1      | Reached XP level 3. HP: 24/24 MP: 3/3
  1473 | D:1      | Reached XP level 4. HP: 30/30 MP: 4/4
  1792 | D:2      | Found a white marble altar of Elyvilon.
  1792 | D:2      | Found a stormy altar of Qazlal.
  1792 | D:2      | Found a broken altar of Ashenzari.
  1792 | D:2      | Found a blossoming altar of Fedhas.
  1792 | D:2      | Found a shimmering altar of Xom.
  1822 | D:2      | Reached skill level 7 in Stealth
  1907 | D:2      | Noticed Natasha
  1944 | D:2      | Killed Natasha
  2070 | D:2      | Reached XP level 5. HP: 35/35 MP: 5/5
  2091 | D:2      | Found a runed translucent door.
  2092 | D:2      | Noticed Crazy Yiuf
  2285 | D:2      | Noticed Terence
  2295 | D:2      | Killed Terence
  2475 | D:2      | Noticed Jessica
  2594 | D:2      | Killed Jessica
  2978 | D:2      | Noticed Natasha
  2987 | D:2      | Reached XP level 6. HP: 26/41 MP: 6/6
  2998 | D:2      | Killed Natasha
  3343 | D:2      | Noticed Natasha
  3353 | D:2      | Killed Natasha
  3437 | D:2      | Killed Crazy Yiuf
  4641 | D:3      | Found a shimmering blue altar of Sif Muna.
  4644 | D:3      | Found a radiant altar of Vehumet.
  4647 | D:3      | Found a glowing golden altar of the Shining One.
  4899 | D:4      | Reached skill level 8 in Stealth
  4956 | D:4      | Noticed Pikel
  5001 | D:4      | Reached XP level 7. HP: 45/46 MP: 7/7
  5096 | D:4      | Found a snail-covered altar of Cheibriados.
  5495 | D:4      | Found Oritt's Antique Weapon Shoppe.
  5635 | D:4      | Slain by Pikel

Illustrated notes

Levels and vault maps discovered:
D:1:      dpeg_arrival_morbid_curiosity, layout_basic, minmay_strange_pillars,
          st_stairs_11, minmay_tetromino_i4
D:2:      layout_loops_ring, grunt_temple_overflow_open, serial_forest,
          infiniplex_forest_end_3, infiniplex_forest_clump_double,
          infiniplex_forest_straight_4, infiniplex_forest_clump_long,
          infiniplex_forest_zigzag_2, infiniplex_forest_end_1,
          infiniplex_forest_lined_corner, uniq_terence, uniq_crazy_yiuf_cottage,
          uniq_natasha, uniq_jessica
D:3:      layout_basic, grunt_temple_overflow_diamond
D:4:      layout_rooms, cheibriados_altar_1, serial_shops, shop, uniq_pikel

Skill      XL: |  1  2  3  4  5  6 |
---------------+-------------------+-----
Stealth        | 6 7 8 |  8.9
Short Blades   | 3 4 |  4.9
Dodging        | 2 |  2.7
Fighting       | 3 |  3.4
Throwing       | |  2.8

Action                   |  1- 3 |  4- 6 |  7- 9 || total
-------------------------+-------+-------+-------++-------
Melee: Dagger            |    63 |   160 |    67 ||   290
       Tentacles         |     8 |    29 |    20 ||    57
       Constrict         |    11 |    27 |    14 ||    52
Throw: Dart              |     6 |     6 |     4 ||    16
  Use: Scroll            |       |     4 |       ||     4
       Potion            |       |       |     1 ||     1
 Stab: Sleeping          |    12 |    15 |     3 ||    30
Armor: Skin              |     3 |    20 |     4 ||    27
Dodge: Dodged            |    41 |    88 |    24 ||   153
